 Dungeon Crawl Stone Soup version 0.31-a0-876-gfe8ebadbca (webtiles) character file.

Game seed: 6396124189789057498

16 Pixllover the Chopper (level 2, 0/27 HPs)
             Began as a Hill Orc Monk on Oct 13, 2023.
             Slain by Terence
             ... wielding a +0 mace
              (5 damage)
             ... on level 2 of the Dungeon.
             The game lasted 00:00:54 (587 turns).

Pixllover the Chopper (Hill Orc Monk)                Turns: 587, Time: 00:00:55

Health: 0/27       AC:  3    Str: 13    XL:     2   Next: 58%
Magic:  2/2        EV: 12    Int: 10    God:
Gold:   94         SH:  0    Dex: 13    Spells: 1/1 levels left

rFire   . . .        a - +0 hand axe
rCold   . . .        d - orb {light}
rNeg    . . .        b - +0 robe
rPois   .            (no helmet)
rElec   .            f - +0 cloak
rCorr   .            (no gloves)
SInv    .            (no boots)
Will    .....        (no amulet)
Stlth   +            (no ring)
HPRegen 0.24/turn    (no ring)
MPRegen 0.08/turn

%: no passive effects
@: glowing
A: no striking features
a: no special abilities


You were on level 2 of the Dungeon.
You visited 1 branch of the dungeon, and saw 2 of its levels.

You collected 94 gold pieces.

Inventory:

Hand Weapons
 a - a +0 hand axe (weapon)
Armour
 b - a +0 robe (worn)
 d - an orb of light (worn)
 f - a +0 cloak (worn)
Jewellery
 g - a ring of protection from cold
Scrolls
 e - 3 scrolls of identify {unknown}
 h - a scroll of immolation {unknown}
 i - a scroll of enchant armour {unknown}
 k - a scroll of fog {unknown}
Potions
 c - a potion of ambrosia
 j - a potion of brilliance {unknown}
 l - a potion of curing {unknown}


   Skills:
 + Level 4.0 Fighting
 + Level 4.4 Axes
 + Level 2.7 Dodging


You had one spell level left.
You didn't know any spells.
Your spell library was empty.

Dungeon Overview and Level Annotations

Branches:
Dungeon (2/15)

Altars:

Annotations:
D:2 Terence


Message History

The bat hits you but does no damage. x2; Terence barely misses you.
You hit the bat.
You kill the bat!
You hit Terence but do no damage. Terence hits you with a +0 mace.
Your Fighting skill increases to level 4!
Terence hits you but does no damage.
You see here a bat corpse.
You hit Terence but do no damage.
A rat comes into view.
Terence hits you but does no damage.
You hit Terence but do no damage. Terence hits you with a +0 mace.
You hit Terence but do no damage. Terence says, "Did you write a will?
You should..."
Terence closely misses you.
You hit Terence but do no damage.
An adder comes into view.
Terence barely misses you.
You barely miss Terence. You barely miss the rat.
The adder hisses angrily.
Terence barely misses you. The rat barely misses you.
You hit Terence but do no damage. You hit the rat but do no damage.
Terence hits you with a +0 mace. The rat bites you but does no damage.
You hit Terence but do no damage. You hit the rat. Terence barely misses you.
The rat barely misses you. The adder barely misses you.
The rat closely misses you. Terence misses you.
You hit Terence but do no damage. You hit the rat. You hit the adder.
The adder bites you but does no damage. The rat barely misses you.
Terence hits you with a +0 mace!
You completely miss Terence. You hit the rat but do no damage.
You hit the adder. The adder completely misses you.
Terence shouts, "DIE!!!"
Terence hits you with a +0 mace. The rat bites you.
* * * LOW HITPOINT WARNING * * *
The adder closely misses you.
You hit Terence but do no damage. You hit the rat.
You kill the rat!
You barely miss the adder. The adder bites you.
* * * LOW HITPOINT WARNING * * *
Terence hits you with a +0 mace.
You die...

#.# .#.# #..## ... #..#
#.# ##### #.####.#
.<..###......##
....##...##...##
.......#####...#
...(....####.#.####
....###...##....@.#
..........######@S....#
....####.... .........
....# ##.#. ####..#.##
....# .... #.# # #####
.. .# . ..


You could see Terence and an adder.

Vanquished Creatures
  A dart slug (D:2)
  A bat (D:2)
  An endoplasm (D:1)
  A giant cockroach (D:1)
  A goblin (D:1)
  2 hobgoblins (D:1)
  2 jackals (D:1)
  2 ball pythons (D:1)
  A frilled lizard (D:2)
  A kobold (D:1)
  A rat (D:2)
14 creatures vanquished.

Notes
Turn   | Place    | Note
-------+----------+-------------------------------------------
     0 | D:1      | Pixllover the Hill Orc Monk began the quest for the Orb.
     0 | D:1      | Reached XP level 1. HP: 19/19 MP: 1/1
   163 | D:1      | Reached XP level 2. HP: 25/27 MP: 2/2
   571 | D:2      | Noticed Terence
   587 | D:2      | Slain by Terence

Illustrated notes

Levels and vault maps discovered:
D:1:      wander_arrival_fairy_ring, layout_basic
D:2:      layout_rooms, uniq_terence

Skill      XL: |  1  2 |
---------------+-------+-----
Fighting       | 4 |  4.0
Axes           | |  4.4
Dodging        | |  2.7

Action                     || total
---------------------------++-------
  Melee: Hand axe          ||    45
 Armour: Robe              ||    27
  Dodge: Dodged            ||    36

Table legend: (Time is in decaauts)
 A = Elapsed time spent in this place.
 B = Non-inter-level travel time spent in this place.
 C = Inter-level travel time spent in this place.
 D = Time resting spent in this place.
 E = Time spent auto-exploring this place.
 F = Levels seen in this place.
 G = Mean time per level.
                   A        B        C        D        E       F      G
               +--------+--------+--------+--------+--------+-----+--------+
         Total |    590 |    590 |      0 |     28 |    360 |   2 |  295.0 |
       Dungeon |    590 |    590 |      0 |     28 |    360 |   2 |  295.0 |
               +--------+--------+--------+--------+--------+-----+--------+

Top non-repeatable levels by time:
     D:1: 508 daAuts
     D:2: 81 daAuts
